 Dungeon Crawl Stone Soup version 0.28.0-53-g5a82cb258f (webtiles) character file.

Game seed: 18143035829564601575

859 safid the Cleaver (level 8, -1/66 HPs)
             Began as a Hill Orc Fighter on July 16, 2022.
             Was a Priest of Nemelex Xobeh.
             Slain by a killer bee (4 damage)
             ... on level 4 of the Dungeon.
             The game lasted 00:06:50 (2879 turns).

safid the Cleaver (Hill Orc Fighter)                Turns: 2879, Time: 00:06:50

Health: -1/66      AC: 11    Str: 21    XL:     8   Next: 2%
Magic:  8/8        EV:  5    Int:  8    God:    Nemelex Xobeh [***...]
Gold:   242        SH:  4    Dex: 10    Spells: 7/7 levels left

rFire   . . .      SeeInvis .   a - +0 war axe
rCold   . . .      Faith    .   c - +0 buckler
rNeg    . . .      Spirit   .   f - +0 plate armour
rPois   .          Reflect  .   (no helmet)
rElec   .          Harm     .   (no cloak)
rCorr   .          Rampage  .   (no gloves)
Will    .....                   (no boots)
Stlth   ..........              k - amulet of regeneration
HPRegen 1.01/turn               (no ring)
MPRegen 0.11/turn               (no ring)

@: lethally poisoned (-1 -> -8)
A: no striking features
a: Renounce Religion, Draw Escape, Draw Destruction, Draw Summoning, Triple Draw


You were on level 4 of the Dungeon.
You worshipped Nemelex Xobeh.
Nemelex Xobeh was most pleased with you.
You visited 1 branch of the dungeon, and saw 4 of its levels.

You collected 242 gold pieces.

Inventory:

Hand Weapons
 a - a +0 war axe (weapon)
Missiles
 j - 6 poisoned darts (quivered)
Armour
 c - a +0 buckler (worn)
 f - a +0 plate armour (worn)
Jewellery
 b - an amulet of guardian spirit
 k - an amulet of regeneration (around neck)
 o - an amulet of the acrobat
 q - a ring of ice
Scrolls
 e - a scroll of enchant armour {unknown}
 h - a scroll of noise {unknown}
 i - a scroll of teleportation {unknown}
 m - a scroll of fear {unknown}
 n - a scroll of silence {unknown}
 p - a scroll of fog {unknown}
 r - a scroll of blinking {unknown}
Potions
 d - 3 potions of might


   Skills:
 - Level 4.0 Fighting
 + Level 10.9 Axes
 - Level 4.0 Armour
 - Level 4.0 Shields


You had 7 spell levels left.
You didn't know any spells.
Your spell library was empty.

Dungeon Overview and Level Annotations

Branches:
Dungeon (4/15)
 Temple: D:4-7

Altars:
Dithmenos
Gozag
Nemelex Xobeh
Yredelemnul


Message History

The killer bee poisons you!
The killer bee stings you but does no damage.
The killer bee barely misses you.
The killer bee stings you but does no damage.
You draw a card...
You have drawn the Storm.
A fierce wind blows from the card.
The killer bee is blown away by the wind.
The electrical discharge engulfs the killer bee!
You kill the killer bee!
You hear mighty peals of thunder!
You feel sick.
You hear a shout!
You hear an angry hiss.
You hear a shout! x3
The killer bee stings you but does no damage.
You block the killer bee's attack.
You have reached level 8!
You barely miss the killer bee.
You feel sick. The killer bee barely misses you.
You block the killer bee's attack.
You miss the killer bee.
You feel sick. The killer bee stings you.
* * * LOW HITPOINT WARNING * * *
You are lethally poisoned!
The killer bee poisons you!
The killer bee stings you but does no damage.
It was a potion of heal wounds.
You feel much better.
You feel very sick. The killer bee closely misses you.
You block the killer bee's attack.
You miss the killer bee.
You feel sick. The killer bee stings you.
* * * LOW HITPOINT WARNING * * *
The killer bee stings you but does no damage.
You closely miss the killer bee.
You feel sick. The killer bee stings you.
* * * LOW HITPOINT WARNING * * *
You are lethally poisoned!
The killer bee poisons you!
The killer bee stings you but does no damage.
You hit the killer bee.
The killer bee is moderately wounded.
* * * LOW HITPOINT WARNING * * *
You feel very sick. The killer bee stings you.
* * * LOW HITPOINT WARNING * * *
The killer bee stings you.
You die...
Your body disappears without a glow.

# #. #.# ##
#.###### .###.....#
#.#.#.##.#
#....@††####
#..#y##)†......
#.###..#..........#
#...........#####.#
#####..###### #..#
##.# #.# #.#


You could see a killer bee.

Vanquished Creatures
  A human (D:3)
  A phantom (D:4)
  Blork the orc (D:4)
  A scorpion (D:4)
  5 killer bees (D:4)
  A gnoll shaman (D:4)
  Ijyb (D:3)
  Terence (D:2)
  12 gnolls
  7 adders
  An orc (D:4)
  2 ball pythons (D:2)
  5 bats
  7 endoplasms
  A giant cockroach (D:2)
  3 hobgoblins (D:1)
  2 jackals (D:2)
  2 kobolds
  3 quokkas
  3 frilled lizards
  5 goblins
  A jackal skeleton (D:3)
  7 rats (D:1)
73 creatures vanquished.

Vanquished Creatures (others)
  2 plants (D:3)
2 creatures vanquished.

Grand Total: 75 creatures vanquished

Notes
Turn   | Place    | Note
-------+----------+-------------------------------------------
     0 | D:1      | safid the Hill Orc Fighter began the quest for the Orb.
     0 | D:1      | Reached XP level 1. HP: 19/19 MP: 1/1
   176 | D:1      | Found a faded altar of an unknown god.
   186 | D:1      | Reached XP level 2. HP: 27/27 MP: 2/2
   217 | D:1      | Reached skill level 3 in Axes
   281 | D:1      | Prayed at the altar of an unknown god.
   281 | D:1      | Became a worshipper of Nemelex Xobeh the Trickster
   281 | D:1      | Reached * piety under Nemelex Xobeh
   376 | D:1      | Received a gift from Nemelex Xobeh
   728 | D:2      | Reached XP level 3. HP: 10/33 MP: 1/3
   934 | D:2      | Received a gift from Nemelex Xobeh
  1067 | D:2      | Noticed Terence
  1073 | D:2      | Killed Terence
  1074 | D:2      | Reached XP level 4. HP: 39/40 MP: 4/4
  1099 | D:2      | Reached skill level 4 in Axes
  1325 | D:2      | Reached ** piety under Nemelex Xobeh
  1731 | D:3      | Noticed Ijyb
  1755 | D:3      | Killed Ijyb
  1756 | D:3      | Reached skill level 5 in Axes
  1756 | D:3      | Reached XP level 5. HP: 33/46 MP: 5/5
  1827 | D:3      | Reached skill level 6 in Axes
  1956 | D:3      | Found a runed translucent door.
  1956 | D:3      | Noticed a human
  1961 | D:3      | Received a gift from Nemelex Xobeh
  1970 | D:3      | Found a basalt altar of Yredelemnul.
  1984 | D:3      | Killed a human
  1985 | D:3      | Reached skill level 7 in Axes
  1985 | D:3      | Reached XP level 6. HP: 40/52 MP: 6/6
  2277 | D:3      | Found a shadowy altar of Dithmenos.
  2396 | D:3      | Found an opulent altar of Gozag.
  2646 | D:4      | Reached *** piety under Nemelex Xobeh
  2663 | D:4      | Reached skill level 8 in Axes
  2762 | D:4      | Noticed Blork the orc
  2766 | D:4      | Killed Blork the orc
  2767 | D:4      | Reached XP level 7. HP: 59/59 MP: 7/7
  2768 | D:4      | Reached skill level 9 in Axes
  2858 | D:4      | Reached skill level 10 in Axes
  2874 | D:4      | Reached XP level 8. HP: 8/66 MP: 8/8
  2879 | D:4      | HP: 3/66 [killer bee (1)]
  2879 | D:4      | Slain by a killer bee

Illustrated notes

Levels and vault maps discovered:
D:1:      eino_arrival_water_cross, layout_rooms,
          shapermc_ecumenical_altar_starsandcircs, dk_noncrumbling_4
D:2:      layout_basic, uniq_terence
D:3:      layout_loops_ring, dk_yredelemnul_ordeal,
          nicolae_dithmenos_shadow_blocks, amcnicky_altar_gilded,
          serial_bayou_ford_a, roderic_serpentine_path, eino_tiny_chamber,
          uniq_ijyb
D:4:      layout_loops_ring, minmay_ruptured, uniq_menkaure, uniq_blork_the_orc

Skill      XL: |  1  2  3  4  5  6  7 |
---------------+----------------------+-----
Axes           | 3 5 7 8 10 | 10.9
Fighting       | 4 |  4.0
Armour         | 4 |  4.0
Shields        | 4 |  4.0

Action                   |  1- 3 |  4- 6 |  7- 9 || total
-------------------------+-------+-------+-------++-------
Melee: War axe           |    66 |   117 |    36 ||   219
       Unarmed           |       |    11 |       ||    11
Invok: Draw Summoning    |       |     1 |       ||     1
       Draw Destruction  |       |       |     2 ||     2
  Use: Potion            |       |       |     5 ||     5
 Stab: Distracted        |       |     1 |       ||     1
Armor: Plate armour      |    50 |    80 |    37 ||   167
Dodge: Dodged            |    17 |    46 |    14 ||    77
Block: Buckler           |    16 |    32 |    17 ||    65
